 Dungeon Sprint DCSS version 0.16-a0-1183-g5b05a17 (webtiles) character file.

1036 Ololoev the Deadly Accurate (level 8, 0/138 HPs)
             Began as an Ogre Hunter on Oct 10, 2014.
             Was a Believer of Trog.
             Slain by a demonic crawler (3 damage)
             ... in the Dungeon (Sprint I: "Red Sonja").
             The game lasted 00:03:50 (658 turns).

Ololoev the Deadly Accurate (Ogre Hunter)            Turns: 658, Time: 00:03:51

Health: 0/138      AC:  3    Str: 23    XL:     8   Next: 24%
Magic:  8/8        EV: 10    Int: 10    God:    Trog [**....]
Gold:   344        SH:  0    Dex: 12    Spells: 0 memorised, 7 levels left

rFire  . . .     SeeInvis .     a - +1 club
rCold  . . .     Clarity  .     d - +0 animal skin
rNeg   . . .     SustAb   .     (shield restricted)
rPois  .         Gourm    .     (helmet restricted)
rElec  .         Spirit   .     (no cloak)
rCorr  .         Warding  .     (gloves unavailable)
rMut   .         NoTele   +     (boots unavailable)
MR     .....                    (no amulet)
Stlth  ..........               (no ring)
                                (no ring)

@: berserking, very quick, not resistant to hostile enchantments, extremely
unstealthy
A: unfitting armour, tough skin 1
a: Burn Spellbooks, Berserk, Trog's Hand, Renounce Religion


You were in the Dungeon.
You worshipped Trog.
Trog was pleased with you.
You were not hungry.

You visited 1 branch You collected 419 gold pieces.
You spent 75 gold pieces at shops.

Inventory:

Hand weapons
 a - a +1 club (weapon)
Missiles
 b - 4 large rocks (quivered)
 c - 2 throwing nets
Armour
 d - a +0 animal skin (worn)
Magical devices
 l - a wand of fireball (4)
Comestibles
 f - a meat ration
Scrolls
 k - a scroll of blinking
Potions
 e - a potion of curing
 g - a potion of heal wounds
 h - a potion of haste
 i - 2 potions of magic


   Skills:
 + Level 9.0 Fighting
 + Level 8.6 Maces & Flails
 + Level 15.9 Throwing
 - Level 1.7 Dodging
 - Level 0.7 Stealth


You had 7 spell levels left.
You didn't know any spells.

Dungeon Overview and Level Annotations

Branches:
Dungeon (1/1)

Altars:
Cheibriados
Dithmenos
Elyvilon
Fedhas
Gozag
Kikubaaqudgha
Makhleb
Nemelex Xobeh
Okawaru
Qazlal
Sif Muna
Trog
Vehumet
Xom
Yredelemnul
Zin
The Shining One
Jiyva

Shops:
D *


Innate Abilities, Weirdness & Mutations

You are too large for most types of armour.
You have tough skin (AC +1).


Message History

You are too injured to fight recklessly!
You are too injured to fight recklessly!
You hit the demonic crawler but do no damage.
The demonic crawler is moderately wounded.
The demonic crawler hits you.
* * * LOW HITPOINT WARNING * * *
The demonic crawler hits you!
* * * LOW HITPOINT WARNING * * *
The demonic crawler misses you.
You barely miss the demonic crawler.
The demonic crawler is moderately wounded.
The demonic crawler barely misses you. The demonic crawler hits you!
* * * LOW HITPOINT WARNING * * *
The demonic crawler closely misses you.
You barely miss the demonic crawler.
The demonic crawler is moderately wounded.
The demonic crawler hits you.
* * * LOW HITPOINT WARNING * * *
The demonic crawler hits you.
You die...

######################
..)..#..'..#__#.@ss..#
..#..').#..'..)..#s..##+#
####'#####'#__####...'..#
###..#...#.#### #####..+
__####..##[# ##
_..._##'#..+ _.∩...'..._#
_..._##_.#+# _____###+#


You could see 3 demonic crawlers.

Vanquished Creatures
  2 kobold demonologists (D)
  A slime creature (D)
  A yak (D)
  An ogre (D)
  Sigmund (D)
  A jelly (D)
  Ijyb (D)
  A giant eyeball (D)
9 creatures vanquished.

Vanquished Creatures (others)
  A gargoyle (D)
1 creature vanquished.

Grand Total: 10 creatures vanquished

Notes
Turn   | Place    | Note
--------------------------------------------------------------
     0 | D        | Ololoev, the Ogre Hunter, began the quest for the Orb.
     0 | D        | Reached XP level 1. HP: 22/22 MP: 1/1
     1 | D        | Noticed Ijyb
    11 | D        | Killed Ijyb
    11 | D        | Reached skill level 7 in Throwing
    11 | D        | Reached XP level 2. HP: 29/29 MP: 2/2
    23 | D        | Noticed an ogre
    27 | D        | Killed an ogre
    27 | D        | Reached skill level 10 in Throwing
    27 | D        | Reached XP level 3. HP: 36/36 MP: 3/3
    27 | D        | Reached XP level 4. HP: 44/44 MP: 4/4
    40 | D        | Noticed Sigmund
    43 | D        | Killed Sigmund
    43 | D        | Reached skill level 12 in Throwing
    43 | D        | Reached XP level 5. HP: 50/50 MP: 5/5
    62 | D        | Found a deep blue altar of Sif Muna.
    63 | D        | Noticed a jelly
    64 | D        | Found a radiant altar of Vehumet.
    65 | D        | Killed a jelly
    75 | D        | Found Xebb's Assorted Antiques.
    75 | D        | Found a white marble altar of Elyvilon.
    75 | D        | Found a stormy altar of Qazlal.
    75 | D        | Found a burning altar of Makhleb.
    75 | D        | Found a basalt altar of Yredelemnul.
    75 | D        | Found a glowing golden altar of the Shining One.
    75 | D        | Found a sparkling altar of Nemelex Xobeh.
    75 | D        | Found a shimmering altar of Xom.
    75 | D        | Found an opulent altar of Gozag.
    75 | D        | Found an ancient bone altar of Kikubaaqudgha.
    75 | D        | Found a glowing silver altar of Zin.
    75 | D        | Noticed a yak
    77 | D        | Killed a yak
    77 | D        | Reached skill level 14 in Throwing
    77 | D        | Reached XP level 6. HP: 59/59 MP: 6/6
    78 | D        | Found an iron altar of Okawaru.
    80 | D        | Found a bloodstained altar of Trog.
    84 | D        | Bought a potion of heal wounds for 75 gold pieces
    91 | D        | Became a worshipper of Trog the Wrathful
   154 | D        | Found a snail-covered altar of Cheibriados.
   154 | D        | Found a viscous altar of Jiyva.
   154 | D        | Found a shadowy altar of Dithmenos.
   154 | D        | Found a blossoming altar of Fedhas.
   154 | D        | Noticed a slime creature
   158 | D        | Killed a slime creature
   158 | D        | Acquired Trog's first power
   158 | D        | Reached skill level 5 in Fighting
   158 | D        | Reached skill level 5 in Maces & Flails
   158 | D        | Reached skill level 15 in Throwing
   158 | D        | Reached XP level 7. HP: 45/74 MP: 7/7
   303 | D        | Noticed a kobold demonologist
   309 | D        | Noticed a kobold demonologist
   318 | D        | Paralysed by a giant eyeball for 3 turns
   332 | D        | Killed a kobold demonologist
   336 | D        | Noticed a sixfirhy
   343 | D        | Noticed a rust devil
   349 | D        | Killed a kobold demonologist
   349 | D        | Acquired Trog's second power
   349 | D        | Reached XP level 8. HP: 28/92 MP: 8/8
   350 | D        | Paralysed by a giant eyeball for 2 turns
   356 | D        | Paralysed by a giant eyeball for 3 turns
   406 | D        | Killed a gargoyle
   642 | D        | Noticed a demonic crawler
   642 | D        | Noticed a demonic crawler
   642 | D        | Noticed a demonic crawler
   642 | D        | Noticed a demonic crawler
   658 | D        | HP: 3/138 [demonic crawler (6)]
   658 | D        | Slain by a demonic crawler

Action                   |  1- 3 |  4- 6 |  7- 9 || total
-------------------------+-------+-------+-------++-------
Melee: Club              |     4 |       |    50 ||    54
Throw: Large rock        |     9 |    10 |     4 ||    23
       Throwing net      |     1 |       |     2 ||     3
Invok: Berserk           |       |       |     1 ||     1
  Use: Potion            |       |       |     2 ||     2
 Stab: Held in net/web   |       |       |     2 ||     2
